 Dungeon Crawl Stone Soup version 0.13.0-15-g9204fa6 (webtiles) character file.

540 HungrySpirit the Skirmisher (level 6, -4/37 HPs)
             Began as a Gargoyle Assassin on Oct 20, 2013.
             Killed from afar by Deemzul's ghost (24 damage)
             ... with a stone arrow
             ... on Level 4 of the Dungeon.
             The game lasted 00:08:45 (3236 turns).

HungrySpirit the Skirmisher (Gargoyle Assassin)     Turns: 3236, Time: 00:08:45

HP  -4/37        AC 11     Str 17      XL: 6   Next: 88%
MP   5/5         EV 10     Int 11      God:
Gold 132         SH  0     Dex 11      Spells:  0 memorised,  5 levels left

Res.Fire  : . . .   See Invis. : .   r - -1,+0 orc hand axe
Res.Cold  : . . .   Warding    : .   i - +1 elf ring mail {rPois}
Life Prot.: + . .   Conserve   : .   (no shield)
Res.Poison: +       Res.Corr.  : .   (no helmet)
Res.Elec. : +       Clarity    : .   d - +0 cloak
Sust.Abil.: . .     Spirit.Shd : .   (no gloves)
Res.Mut.  : .       Stasis     : +   (no boots)
Res.Rott. : +       Flight     : .   p - amulet of stasis {unknown}
Saprovore : . . .                    (no ring)
                                     w - ring of wizardry

@: slightly resistant to hostile enchantments, fairly stealthy
A: fangs 1, talons 2, life protection 1, electricity resistance, slow metabolism
1, unbreathing, petrification resistance, AC +4
a: no special abilities


You were on level 4 of the Dungeon.
You were not hungry.

You visited 1 branch of the dungeon, and saw 4 of its levels.

You collected 82 gold pieces.

Inventory:

Hand weapons
 a - a +2,+2 dagger (quivered) {=f}
 b - a +0 blowgun
 r - a -1,+0 orcish hand axe (weapon)
Missiles
 e - 25 poisoned needles
 f - 2 curare-tipped needles
 v - 3 needles of slowing
Armour
 d - a +0 cloak (worn)
 i - a +1 elven ring mail of poison resistance (worn)
Comestibles
 g - 2 bread rations
 l - an apple
Scrolls
 c - 2 scrolls of remove curse {unknown}
 h - 7 scrolls of identify {unknown}
 j - a scroll of curse weapon {unknown}
 k - a scroll of fog {unknown}
 m - a scroll of enchant weapon II {unknown}
 q - 3 scrolls of noise {unknown}
 s - a scroll of recharging {unknown}
 t - a scroll of magic mapping {unknown}
 u - a scroll of amnesia {unknown}
Jewellery
 p - an amulet of stasis (around neck) {unknown}
 w - a ring of wizardry (left hand)
Potions
 n - 3 potions of heal wounds {unknown}
 o - 3 potions of curing {unknown}


   Skills:
 - Level 5.6 Fighting
 - Level 1.7 Short Blades
 + Level 3.6 Axes
 - Level 2.0 Throwing
 - Level 2.0 Dodging
 - Level 4.3 Stealth


You had 5 spell levels left.
You didn't know any spells.

Dungeon Overview and Level Annotations

Branches:
Dungeon (4/27)
 Temple: D:4-7

Altars:
Nemelex Xobeh

Annotations:
D:4 Deemzul's ghost, experienced OpEE


Innate Abilities, Weirdness & Mutations

You are resistant to torment.
You are immune to poison.
Your stone body is very resilient (AC +4).
You have very sharp teeth.
You have razor-sharp toenails.
You resist negative energy.
You are resistant to electric shocks.
You have a slow metabolism.
You can survive without breathing.
You are immune to petrification.


Message History

Autopickup is now on.
q - 3 scrolls labeled ERHUEB MONI (gained 1)
You see here an orcish whip.
Things that are here:
an orcish whip; an orcish ring mail; an orc corpse
Things that are here:
an orcish chain mail; an orc corpse; an orcish dagger; an orcish robe
Found a leather armour.
Deemzul's ghost (experienced Octopode Earth Elementalist) comes into view.
Press: ? - help, v - describe, . - travel
Here: Deemzul's ghost The floor.
Deemzul's ghost ripples.
Deemzul's ghost points at you and mumbles some strange words.
The stone arrow hits you!
Deemzul's ghost laughs crazily.
Deemzul's ghost casts a spell at you. The stone arrow hits you!
Ouch! That really hurt!
You die...

###))...........................#
#<...........................##
#.[..........................#.
###............................#.
.............................. #.
.................... ##
.....####..####..### .....# #..#
#..# .....# #..# #.@# .....# #))#
#..# .....# #[)# #..# ≈....# #..#
#..# ≈....####..####.p#########.
♣..................p.......
♣................[.........
########..####..######### #..#
#..#


You could see Deemzul's ghost.

Vanquished Creatures
  A water moccasin (D:3)
  An orc priest (D:4)
  A hound (D:3)
  5 orc wizards
  Jessica (D:2)
  5 adders
  A giant mite (D:3)
  A worm (D:3)
  A grey rat (D:2)
  5 giant geckos
  3 oozes
  13 orcs
  A ball python (D:1)
  5 hobgoblins
  2 jackals (D:2)
  6 kobolds
  7 bats
  A giant cockroach (D:2)
  6 giant newts
  11 goblins
  15 rats
92 creatures vanquished.

Notes
Turn   | Place    | Note
--------------------------------------------------------------
     0 | D:1      | HungrySpirit, the Gargoyle Assassin, began the quest for the Orb.
     0 | D:1      | Reached XP level 1. HP: 12/12 MP: 0/0
    55 | D:1      | Reached skill level 1 in Dodging
   248 | D:1      | Reached XP level 2. HP: 16/16 MP: 1/1
   404 | D:1      | Reached XP level 3. HP: 13/21 MP: 2/2
   678 | D:1      | Found a sparkling altar of Nemelex Xobeh.
  1019 | D:2      | Reached XP level 4. HP: 23/26 MP: 3/3
  1438 | D:2      | Noticed Jessica
  1447 | D:2      | Killed Jessica
  2075 | D:3      | Noticed a water moccasin
  2084 | D:3      | Killed a water moccasin
  2084 | D:3      | Reached skill level 5 in Fighting
  2084 | D:3      | Reached XP level 5. HP: 24/32 MP: 4/4
  2423 | D:3      | Reached skill level 1 in Axes
  2453 | D:3      | Reached XP level 6. HP: 37/37 MP: 5/5
  3228 | D:4      | Noticed Deemzul's ghost (experienced OpEE)
  3236 | D:4      | Killed from afar by Deemzul's ghost

Action                   |  1- 3 |  4- 6 || total
-------------------------+-------+-------++-------
Melee: Dagger            |    25 |       ||    25
       Club              |   104 |   113 ||   217
       Hand axe          |       |    76 ||    76
Throw: Dagger            |     1 |       ||     1
 Stab: Sleeping          |     3 |     3 ||     6
